 Dungeon Crawl Stone Soup version 0.30-a0-760-g5a9884bb7c (webtiles) character file.

Game seed: 8974788521906453131

31487 jimonade the Eclecticist (level 13, -10/94 HPs)
             Began as a Djinni Fire Elementalist on Feb 10, 2023.
             Was a Believer of Ashenzari.
             Mangled by a minotaur (14 damage)
             ... on level 2 of the Lair of Beasts.
             The game lasted 00:50:07 (14869 turns).

jimonade the Eclecticist (DjFE)                    Turns: 14869, Time: 00:50:07

Health: -10/94     AC:  8    Str: 11    XL:     13   Next: 96%
Gold:   1250       EV: 14    Int: 19    God:    Ashenzari [**....] SH:  0 Dex: 11

rFire   + + +      SeeInvis +    a - staff of fire
rCold   . . .      Faith    .    (no shield)
rNeg    . . .      Spirit   .    C - +0 troll leather armour of Supernal Wisdom {Regen+, Pargi, Self, Cun} (curse)
rPois   ∞          Reflect  .    z - +0 helmet of Ashenzari's Seeker {Cun, Range} (curse)
rElec   +          Harm     .    t - +2 cloak "Share My Affliction" {Will+, Evo, Self} (curse)
rCorr   +          Rampage  .    (no gloves)
Will    ++...                    (boots unavailable)
Stlth   +++                      x - amulet of the acrobat
HPRegen 1.15/turn                f - ring of Makhleb's Esteem {rElec rF++ rC+ Dex-2 Stlth+}
MPRegen 0.00/turn                y - ring of resist corrosion

@: flying, very slightly contaminated
A: sickness immunity, fire resistance 2, cold vulnerability 1, float, innate
caster, HP casting, extra vitality 1
a: Renounce Religion, Curse Item, Shatter the Chains


You were on level 2 of the Lair of Beasts.
You worshipped Ashenzari.
Ashenzari was pleased with you.
You visited 3 branches of the dungeon, and saw 14 of its levels.
You also visited: Volcano.

You collected 1250 gold pieces.

Inventory:

Hand Weapons
 b - a +6 demon trident of freezing
 L - a +4 dagger
 V - a +1 antimagic sling
Armour
 p - an orb of wrath
 t - the cursed +2 cloak "Share My Affliction" (worn) {Will+, Evo, Self}
   (You found it on level 2 of the Dungeon)

   It has a curse which improves the following skills: Evocations: Evocations.
   Introspection: Fighting and Spellcasting.
 z - the cursed +0 helmet of Ashenzari's Seeker (worn) {Cun, Range}
   (You took it off Robin on level 3 of the Dungeon)

   It has a curse which improves the following skills: Cunning: Dodging and
   Stealth.
   Ranged Combat: Ranged Weapons and Throwing.
 B - the +2 robe of Youthful Indiscretion {Str-2 Int+8 Dex+3}
   (You found it on level 6 of the Dungeon)

   Str:       It affects your strength (-2).
   Int:       It affects your intelligence (+8).
   Dex:       It affects your dexterity (+3).
 C - the cursed +0 troll leather armour of Supernal Wisdom (worn) {Regen+, Pargi, Self, Cun}
   (You found it on level 3 of the Dungeon)

   Regen:     It increases your rate of health regeneration.
   It has a curse which improves the following skills: Introspection: Fighting
   and Spellcasting.
   Cunning:   Dodging and Stealth.
 R - a +0 hat of willpower
 W - a +1 robe of cold resistance
 X - a scarf of resistance
 Y - a +0 troll leather armour
Magical Staves
 a - a staff of fire (weapon)
 P - a staff of cold
Jewellery
 c - a +6 ring of dexterity
 f - the ring of Makhleb's Esteem (left hand) {rElec rF++ rC+ Dex-2 Stlth+}
   (You acquired it on level 1 of the Lair of Beasts)

   [ring of protection from cold]

   Dex:       It affects your dexterity (-2).
   rF:        It greatly protects you from fire.
   rC:        It protects you from cold.
   rElec:     It insulates you from electricity.
   Stlth:     It makes you more stealthy.
 w - a ring of ice
 x - an amulet of the acrobat (around neck)
 y - a ring of resist corrosion (right hand)
 T - a ring of willpower
Wands
 j - a wand of digging (3)
 F - a wand of iceblast (21)
 H - a wand of polymorph (4)
 I - a wand of flame (38)
 M - a wand of paralysis (13)
 Q - a wand of mindburst (20)
Scrolls
 e - 4 scrolls of teleportation
 g - 4 scrolls of vulnerability
 h - 3 scrolls of fear
 l - 15 scrolls of identify
 n - 4 scrolls of magic mapping
 q - 3 scrolls of brand weapon
 s - 2 scrolls of enchant armour
 v - a scroll of poison
 D - a scroll of blinking
 J - a scroll of fog
 K - 2 scrolls of summoning
 O - a scroll of enchant weapon
 Z - 2 scrolls of immolation
Potions
 d - a potion of attraction
 i - 6 potions of curing
 k - a potion of invisibility
 m - a potion of might
 r - 3 potions of resistance
 u - a potion of berserk rage
 A - 3 potions of mutation
 G - 6 potions of heal wounds
 N - 4 potions of brilliance
Miscellaneous
 o - a tin of tremorstones (2/2)
 E - a phantom mirror


   Skills:
 * Level 7.3(9.3) Fighting
 + Level 2.4 Short Blades
 + Level 5.6(7.5) Dodging
 - Level 1.5(2.9) Stealth
 + Level 16.1(17.9) Spellcasting


You had 15 spell levels left.
You knew the following spells:

 Your Spells              Type           Power      Damage    Failure   Level
a - Foxfire               Conj/Fire      100%       2x1d9     0%          1
b - Scorch                Fire           100%       2d10      0%          2
c - Kindle Blastsparks    Fire/Tloc/Air  100%       2d18      0%          3
d - Inner Flame           Hex/Fire       91%        N/A       0%          3
e - Flame Wave            Conj/Fire      91%        2d19      1%          4
f - Magic Dart            Conj           100%       1d8       0%          1
g - Momentum Strike       Conj/Tloc      100%       3d10      0%          2
h - Dazzling Flash        Conj/Hex       100%       N/A       0%          3
i - Teleport Other        Tloc           71%        N/A       0%          3
j - Irradiate             Conj/Tmut      35%        3d23      1%          5
k - Arcjolt               Conj/Air       35%        1d45      1%          5
Your spell library was empty.

Dungeon Overview and Level Annotations

Branches:
Dungeon (11/15)            Temple (1/1) D:4            Lair (2/5) D:11
  Snake (0/4) Lair:2          Orc (0/2) D:9         Volcano (visited)
  Swamp: Lair:2-3    Shoals: Lair:2-3

Altars:
Ashenzari
Cheibriados
Dithmenos
Elyvilon
Fedhas
Gozag
Hepliaklqana
Makhleb
Nemelex Xobeh
Okawaru
Qazlal
Ru
Trog
Uskayaw
Wu Jian
Xom
Yredelemnul
Zin
The Shining One

Shops:
D:1 =   D:2 *   D:11 *

Annotations:
D:3 1 runed translucent door, 1 exclusion, Crazy Yiuf
D:11 1 runed translucent door, epsilonplus's ghost, journeyman VSTm


Innate Abilities, Weirdness & Mutations

You are immune to sickness and miasma.
You are immune to poison.
Your flesh is very heat resistant. (rF++)
You are vulnerable to cold. (rC-)
You float through the air rather than walking.
You learn spells naturally, not from books.
Your magical power is your life essence.
You have superior vitality. (+4 MHP)


Message History

Flame seeps out of the minotaur.
Casting: Scorch (safe; 0% risk of failure)
Confirm with . or Enter, or press ? or * to list all spells.
You feel a surge of power!
Flames lash the minotaur but do no damage.
The minotaur throws a javelin.
The javelin barely misses you.
Casting: Scorch (safe; 0% risk of failure)
Confirm with . or Enter, or press ? or * to list all spells.
Casting: Dazzling Flash (safe; 0% risk of failure)
Press: ? - help, Dir - look around, f - activate
Casting: Dazzling Flash (safe; 0% risk of failure)
Confirm with . or Enter, or press ? or * to list all spells.
Okay, then.
You feel a surge of power!
You conjure some foxfire!
The minotaur hits you!
The minotaur gores you but does no damage.
The minotaur attacks as you move away! The minotaur hits you!
The minotaur gores you.
The foxfire hits the minotaur but does no damage.
The minotaur is moderately wounded.
The foxfire hits the minotaur but does no damage.
The minotaur is moderately wounded.
You are too injured to fight recklessly!
You are too injured to fight recklessly!
Unknown command.
Casting: Foxfire (safe; 0% risk of failure)
Press: ? - help, Q - select action, (/) - cycle Dir - look around, f - activate
Okay, then.
The minotaur is no longer more vulnerable to fire.
The minotaur misses you. The minotaur gores you!
Casting: Foxfire (safe; 0% risk of failure)
Confirm with . or Enter, or press ? or * to list all spells.
Aiming: Teleport Other (safe; 0% risk of failure)
Press: ? - help, Shift-Dir - straight line, f - minotaur
Aim: a minotaur, wearing a +0 chain mail and quivering javelins (moderately wounded, inner flame, chance to affect: 25%)
The minotaur resists with almost no effort.
* * * LOW HITPOINT WARNING * * *
The minotaur hits you!!
* * * LOW HITPOINT WARNING * * *
The minotaur gores you!
You die...

##............##............~≈~≈≈
#............##.....P...#~~~≈≈~~
###..........##.....#.....#.~≈~..
..##........####...........~≈~~.<
...##########.##..........#.~≈≈~.
......#.......##..........#.~~~~~
##....#........#............~~≈~~
##.....####...##....P.....#..~~~≈
#......#.##....H@.........#.....~
#...........§§☼.....#............
............§.§.......#...P......
............§§...................
.................................
.................................
.#.......#####PP...........>.....
+#.....### ###....#.###..#.....
.#.....####### #....####.###.....


You could see a minotaur (inner flame).

Vanquished Creatures
  Gastronok (D:8)
  The ghost of TheSexyCheese the Ruffian, a journeyman TrFi of the Shining One (Lair:2)
  Fannar (D:10)
  A catoblepas (Lair:2)
  An ogre mage (D:11)
  Erica (D:8)
  3 two-headed ogres
  A boulder beetle (D:11)
  Urug (Lair:2)
  2 skeletal warriors (Volcano)
  Amaemon (Lair:2)
  A skyshark (Lair:2)
  A deep elf pyromancer (D:11)
  2 anaconda skeletons (Volcano)
  Pikel (D:4)
  3 cyclopes
  A salamander (Lair:2)
  An elephant (Lair:2)
  3 black mambas
  A torpor snail (Lair:1)
  2 cane toads (Lair:2)
  An unseen horror (D:11)
  An orange demon (Lair:2)
  4 gargoyles (Volcano)
  A kobold demonologist (D:9)
  3 rime drakes
  2 komodo dragons
  2 trolls (D:10)
  2 polar bears (Lair:2)
  A harpy skeleton (Volcano)
  7 blink frogs
  4 slime creatures (D:10)
  3 flying skulls (Volcano)
  An alligator skeleton (Volcano)
  A shadow (D:10)
  A vampire (D:11)
  A wraith (D:10)
  13 yaks
  A wyvern (Lair:2)
  2 steam dragons
  9 water moccasins
  Pargi (D:3)
  2 sky beasts
  3 orc warriors
  6 black bears
  An ogre (D:5)
  4 ice beasts
  12 wolves
  7 kobold brigands
  5 centaurs
  A lemure (D:4)
  2 phantoms
  7 bullfrogs
  A necrophage (D:6)
  5 scorpions
  9 wights
  4 killer bees (D:8)
  3 spriggan skeletons (Volcano)
  3 troll skeletons (Volcano)
  3 howler monkeys
  2 lava snakes (Lair:2)
  2 bullfrog zombies (D:5)
  4 centaur zombies (D:5)
  A centaur skeleton (D:5)
  7 hounds
  2 orc priests
  2 bullfrog skeletons (D:5)
  Ijyb (D:4)
  4 iguanas
  4 orc wizards
  A scorpion zombie (D:5)
  A naga skeleton (Volcano)
  2 hound zombies (D:5)
  Robin (D:3)
  4 gnolls (D:5)
  10 adders
  3 shadow imps
  A white imp (D:8)
  3 ufetubi
  6 worms
  A dart slug (D:10)
  24 orcs
  7 endoplasms
  3 giant cockroaches
  25 goblins
  10 hobgoblins
  3 jackals (D:4)
  5 quokkas
  9 ball pythons
  4 bats
  3 frilled lizards
  44 kobolds
  11 rats
379 creatures vanquished.

Vanquished Creatures (collateral kills)
  A foxfire (D:1)
1 creature vanquished.

Vanquished Creatures (others)
  A gargoyle (Volcano)
  552 foxfires
  12 fungi
  12 plants
  2 withered plants (D:5)
579 creatures vanquished.

Grand Total: 959 creatures vanquished

Notes
Turn   | Place    | Note
-------+----------+-------------------------------------------
     0 | D:1      | jimonade the Djinni Fire Elementalist began the quest for
                  | the Orb.
     0 | D:1      | jimonade set off with the following spells memorised:
                  | Foxfire, Scorch, Kindle Blastsparks, Inner Flame, Flame
                  | Wave.
     0 | D:1      | Reached XP level 1. HP: 15/15 MP: 0/0
   175 | D:1      | Reached XP level 2. HP: 18/21 MP: 0/0
   363 | D:1      | Found Ogeqau's Jewellery Shoppe.
   660 | D:1      | Reached skill level 3 in Spellcasting
   736 | D:1      | Reached XP level 3. HP: 25/25 MP: 0/0
   736 | D:1      | Learned a level 1 spell: Magic Dart
  1442 | D:2      | Reached XP level 4. HP: 24/31 MP: 0/0
  2064 | D:2      | Found Xediv's General Store.
  2418 | D:3      | Reached XP level 5. HP: 32/35 MP: 0/0
  2418 | D:3      | Learned a level 2 spell: Momentum Strike
  2419 | D:3      | Reached skill level 4 in Spellcasting
  2453 | D:3      | Noticed Robin
  2474 | D:3      | Killed Robin
  2914 | D:3      | Noticed a phantom
  2917 | D:3      | Noticed Pargi
  2928 | D:3      | Killed a phantom
  2929 | D:3      | Reached XP level 6. HP: 14/40 MP: 0/0
  2932 | D:3      | HP: 2/40 [Pargi (4)]
  2940 | D:3      | Killed Pargi
  2941 | D:3      | Reached skill level 1 in Short Blades
  2941 | D:3      | Reached skill level 5 in Spellcasting
  3230 | D:3      | Found a runed translucent door.
  3231 | D:3      | Noticed Crazy Yiuf
  3616 | D:4      | Noticed Pikel
  3629 | D:4      | Killed Pikel
  3630 | D:4      | Reached skill level 6 in Spellcasting
  3630 | D:4      | Reached XP level 7. HP: 39/45 MP: 0/0
  3630 | D:4      | Learned a level 3 spell: Dazzling Flash
  3630 | D:4      | Reached XP level 8. HP: 44/50 MP: 0/0
  3732 | D:4      | Reached skill level 7 in Spellcasting
  3828 | D:4      | Found a staircase to the Ecumenical Temple.
  3841 | Temple   | Entered the Ecumenical Temple
  3861 | Temple   | Became a worshipper of Ashenzari the Shackled
  4427 | D:4      | Noticed Ijyb
  4436 | D:4      | Killed Ijyb
  4583 | D:5      | Entered Level 5 of the Dungeon
  4724 | D:5      | Reached skill level 8 in Spellcasting
  4724 | D:5      | Reached XP level 9. HP: 50/55 MP: 0/0
  4724 | D:5      | Learned a level 3 spell: Teleport Other
  5014 | D:5      | Found a bloodstained altar of Trog.
  5118 | D:5      | Found an ornate altar of the Wu Jian Council.
  5210 | D:5      | Reached skill level 9 in Spellcasting
  6106 | D:6      | Reached * piety under Ashenzari
  6137 | D:6      | Identified the +2 robe of Youthful Indiscretion {Str-2
                  | Int+8 Dex+3}
  6203 | D:6      | Identified the Thoughts on the Scorpion and the Shot
  6352 | D:6      | Found a sacrificial altar of Ru.
  6456 | D:6      | Reached XP level 10. HP: 41/60 MP: 0/0
  6544 | D:7      | Reached skill level 10 in Spellcasting
  6617 | D:7      | Found a stormy altar of Qazlal.
  7119 | D:7      | Found a basalt altar of Yredelemnul.
  7147 | D:7      | Found a hazy altar of Hepliaklqana.
  7541 | D:8      | Reached skill level 11 in Spellcasting
  7711 | D:8      | Noticed Erica
  7720 | D:8      | Killed Erica
  7928 | D:8      | Noticed Gastronok
  7941 | D:8      | Killed Gastronok
  7942 | D:8      | Reached skill level 12 in Spellcasting
  7942 | D:8      | Reached XP level 11. HP: 61/65 MP: 0/0
  7942 | D:8      | Learned a level 5 spell: Irradiate
  8184 | D:8      | Reached ** piety under Ashenzari
  8449 | D:9      | Found an opulent altar of Gozag.
  8650 | D:9      | Found a staircase to the Orcish Mines.
  9118 | D:10     | Entered Level 10 of the Dungeon
  9123 | D:10     | Reached skill level 1 in Fighting
  9130 | D:10     | Noticed a two-headed ogre
  9134 | D:10     | Noticed Fannar
  9230 | D:10     | Killed Fannar
  9270 | D:10     | Killed a two-headed ogre
  9280 | D:10     | Reached skill level 13 in Spellcasting
  9334 | D:10     | Noticed a cyclops
  9338 | D:10     | Noticed a two-headed ogre
  9340 | D:10     | Killed a cyclops
  9342 | D:10     | Killed a two-headed ogre
  9609 | D:10     | Found a snail-covered altar of Cheibriados.
  9897 | D:11     | Reached XP level 12. HP: 75/81 MP: 0/0
  9953 | D:11     | Found a staircase to the Lair.
 10022 | D:11     | Found a runed translucent door.
 10022 | D:11     | Found a shimmering altar of Xom.
 10022 | D:11     | Noticed a +0 flail of chaos
 10022 | D:11     | Noticed epsilonplus's ghost (journeyman VSTm)
 10172 | D:11     | Noticed a boulder beetle
 10208 | D:11     | Killed a boulder beetle
 10209 | D:11     | Reached skill level 14 in Spellcasting
 10259 | D:11     | Noticed an ogre mage
 10264 | D:11     | Killed an ogre mage
 10405 | D:11     | Noticed a two-headed ogre
 10409 | D:11     | Killed a two-headed ogre
 11307 | D:11     | Found Qyubao's General Store.
 11660 | Lair:1   | Entered Level 1 of the Lair of Beasts
 11805 | Lair:1   | Found a dark tunnel.
 11813 | Volcano  | Entered a volcano
 11965 | Volcano  | Noticed a skeletal warrior
 12006 | Volcano  | Killed a skeletal warrior
 12007 | Volcano  | Reached skill level 5 in Fighting
 12185 | Volcano  | Noticed a skeletal warrior
 12220 | Volcano  | Killed a skeletal warrior
 12309 | Volcano  | Reached XP level 13. HP: 31/91 MP: 0/0
 12309 | Volcano  | Learned a level 5 spell: Arcjolt
 12416 | Volcano  | Reached skill level 15 in Spellcasting
 12808 | Lair:1   | Identified a scroll of acquirement
 12836 | Lair:1   | Acquired the ring of Makhleb's Esteem {rElec rF++ rC+ Dex-2
                  | Stlth+}
 13177 | Lair:2   | Noticed Amaemon
 13348 | Lair:2   | Killed Amaemon
 13414 | Lair:1   | Reached skill level 5 in Dodging
 13833 | Lair:2   | Noticed Urug
 13844 | Lair:2   | Killed Urug
 14043 | Lair:2   | Noticed TheSexyCheese's ghost (journeyman TrFi)
 14045 | Lair:2   | Noticed a minotaur
 14058 | Lair:2   | Noticed a catoblepas
 14372 | Lair:2   | Reached skill level 16 in Spellcasting
 14545 | Lair:2   | Found a staircase to the Snake Pit.
 14602 | Lair:2   | Found a runed translucent gate.
 14602 | Lair:2   | Found a runed translucent gate.
 14602 | Lair:2   | Found a runed translucent gate.
 14740 | Lair:2   | HP: 2/94 [catoblepas (29)]
 14860 | Lair:2   | Killed TheSexyCheese's ghost
 14860 | Lair:2   | Killed a catoblepas
 14869 | Lair:2   | HP: 4/94 [minotaur (23)]
 14869 | Lair:2   | Mangled by a minotaur

Illustrated notes

Levels and vault maps discovered:
D:1:      psy_arrival_conway, layout_basic, serial_shops, nicolae_shop_stone,
          serial_bayou_lake_a
D:2:      minmay_general_purpose_star, layout_loops_corners, serial_shops,
          nicolae_shop_behind_doors, kennysheep_generic_room_10
D:3:      layout_loops_cross, grunt_ministairs_14, uniq_pargi,
          uniq_crazy_yiuf_cottage, uniq_robin
D:4:      kennysheep_goblin_castle, layout_basic,
          minmay_temple_entry_large_hall, uniq_pikel
D:5:      layout_basic, trog_ov_bears_minmay, nzn_wu_jian_contemplation,
          serial_undead, serial_undead_d, serial_undead_b, serial_undead_c,
          serial_undead_f, serial_undead_e, serial_undead_b, serial_undead_c,
          serial_undead_e
D:6:      layout_loops_ring, lemuel_doored_altar, grunt_ministairs_8,
          st_stairs_13
D:7:      layout_rooms, mainiacjoe_overflow_boulevard,
          nicolae_qazlal_general_emergency, mainiacjoe_overflow_two_lobes
D:8:      layout_loops_corners, uniq_erica, uniq_gastronok
D:9:      layout_gridville, mainiacjoe_overflow_surrounded_room, orc_david_3,
          lemuel_flamethrower_2
D:10:     layout_rooms, kennysheep_slug_shrine, uniq_fannar
D:11:     minmay_cornered_nines, layout_long_grid, hellmonk_lair_entry_icy,
          serial_shops, kennysheep_little_box, ebering_ghost_xom
Temple:   nicolae_temple_ecumenical_triangle
Lair:1:   layout_concentric_octagons, nicolae_volcano_entry_hallway
Lair:2:   layout_regular_city, nicolae_snake_entry_warm_welcome,
          maelrawn_ghost_gauntlet_escape, nzn_random_ring,
          infiniplex_staircase_pool_2, uniq_urug, uniq_amaemon

Skill      XL: |  1  2  3  4  5  6  7  8  9 10 11 12 13 |
---------------+----------------------------------------+-----
Spellcasting   | 3 4 6 8 9 12 13 14 16 | 16.1
Short Blades   | 1 2 |  2.4
Dodging        | 3 4 5 |  5.6
Fighting       | 3 5 7 |  7.3
Stealth        | |  1.5

Action                     |  1- 3 |  4- 6 |  7- 9 | 10-12 | 13-15 || total
---------------------------+-------+-------+-------+-------+-------++-------
  Melee: Dagger            |    15 |    33 |    31 |       |       ||    79
         Demon trident     |       |       |       |       |    17 ||    17
         Staff             |       |       |       |       |     2 ||     2
         Punch             |       |       |       |       |     1 ||     1
   Cast: Foxfire           |    38 |    17 |    36 |   185 |    74 ||   350
         Scorch            |    23 |    59 |    88 |   117 |    52 ||   339
         Magic Dart        |       |     4 |       |       |       ||     4
         Momentum Strike   |       |     1 |       |     1 |       ||     2
         Inner Flame       |       |     4 |    27 |   100 |    46 ||   177
         Kindle Blastspark |       |       |    12 |     2 |     3 ||    17
         Dazzling Flash    |       |       |     2 |     2 |     2 ||     6
         Teleport Other    |       |       |       |     3 |     1 ||     4
         Flame Wave        |       |       |       |     1 |       ||     1
         Irradiate         |       |       |       |     2 |    13 ||    15
 Invoke: Curse Item        |       |       |     2 |     1 |       ||     3
    Use: Scroll            |       |       |       |       |     2 ||     2
   Stab: Sleeping          |     1 |     1 |       |       |       ||     2
 Armour: Robe              |     8 |    17 |       |       |       ||    25
         Troll leather arm |       |     3 |    41 |    15 |    28 ||    87
  Dodge: Dodged            |    27 |    46 |    76 |    85 |   101 ||   335

Table legend: (Time is in decaauts)
 A = Elapsed time spent in this place.
 B = Non-inter-level travel time spent in this place.
 C = Inter-level travel time spent in this place.
 D = Time resting spent in this place.
 E = Time spent auto-exploring this place.
 F = Levels seen in this place.
 G = Mean time per level.
                   A        B        C        D        E       F      G
               +--------+--------+--------+--------+--------+-----+--------+
         Total |  14957 |  13610 |   1347 |    844 |   9594 |  15 |  997.1 |
       Dungeon |  11690 |  10371 |   1319 |    386 |   7711 |  11 | 1062.7 |
        Temple |     45 |     28 |     17 |      0 |     15 |   1 |   45.0 |
          Lair |   2506 |   2495 |     11 |    433 |   1513 |   2 | 1253.0 |
       Volcano |    714 |    714 |      0 |     25 |    355 |   1 |  714.0 |
               +--------+--------+--------+--------+--------+-----+--------+

Top non-repeatable levels by time:
     D:2: 1546 daAuts
  Lair:2: 1346 daAuts
     D:5: 1316 daAuts
     D:3: 1199 daAuts
     D:8: 1173 daAuts
  Lair:1: 1160 daAuts
     D:4: 1074 daAuts
    D:11: 1022 daAuts
     D:1: 995 daAuts
     D:9: 980 daAuts
     D:7: 825 daAuts
     D:6: 784 daAuts
    D:10: 771 daAuts
 Volcano: 714 daAuts
  Temple: 45 daAuts
